 Dungeon Crawl Stone Soup version 0.32-a0-7-ge934b4519a (webtiles) character file.

Game seed: 2734555082113931518

53 timneilson the Ruffian (level 3, -3/24 HPs)
             Began as an Octopode Shapeshifter on Jan 13, 2024.
             Slain by an orc priest
             ... wielding a +0 flail
              (5 damage)
             ... on level 3 of the Dungeon.
             The game lasted 00:02:53 (1534 turns).

timneilson the Ruffian (Octopode Shapeshifter)      Turns: 1534, Time: 00:02:54

Health: -3/24      AC:  1    Str: 15    XL:     3   Next: 87%
Magic:  3/3        EV: 13    Int: 12    God:
Gold:   132        SH:  0    Dex: 11    Spells: 2/2 levels left

rFire   . .          .
                       - Unarmed
rCold   + . .        (no shield)
rNeg    . . .        (helmet currently unavailable)
rPois   .            (no amulet)
rElec   .            e - ring of protection from cold
rCorr   .            (no ring)
SInv    .            (no ring)
Will    .....        (no ring)
Stlth   ++           (no ring)
HPRegen 0.24/turn    (no ring)
MPRegen 0.08/turn    (no ring)
                     (no ring)

%: no passive effects
@: lethally poisoned (-3 -> -4), beast-form
A: beast (slay +1), almost no armour, amphibious, 8 rings, camouflage 1,
gelatinous body 1, (nimble swimmer 1), tentacles
a: Begin Untransformation


You were on level 3 of the Dungeon.
You were a hulking beast.
You visited 1 branch of the dungeon, and saw 3 of its levels.

You collected 132 gold pieces.

Inventory:

Jewellery
 e - a ring of protection from cold (left tentacle)
 i - a ring of ice
 m - the ring "Lahu" {Wiz Str+3}
   (You found it on level 2 of the Dungeon)

   [ring of wizardry]

   Wiz:       It improves your spell success rate.
   Str+3:     It affects your strength (+3).
Talismans
 b - a beast talisman
 c - a flux talisman
Potions
 a - a potion of lignification
 d - a potion of resistance {unknown}
 f - 2 potions of might {unknown}
 g - a potion of degeneration {unknown}
 j - a potion of magic {unknown}
 k - a potion of enlightenment {unknown}
 l - a potion of mutation {unknown}
 o - a potion of invisibility {unknown}


   Skills:
 * Level 2.0 Fighting
 * Level 2.5 Dodging
 + Level 1.1 Stealth
 * Level 3.3 Unarmed Combat
 * Level 3.3 Shapeshifting


You had 2 spell levels left.
You didn't know any spells.
Your spell library contained the following spells:

 Spells                   Type           Power      Damage    Failure   Level
 Sublimation of Blood     Necr           0%         N/A       45%         2
 Petrify                  Alch/Erth      0%         N/A       97%         4
 Irradiate                Conj/Alch      0%         3d11      100%        5


Dungeon Overview and Level Annotations

Branches:
Dungeon (3/15)

Altars:

Shops:
D:1 *

Annotations:
D:3 Sigmund


Innate Abilities, Weirdness & Mutations

You are a hulking beast.
Your limbs bulge with bestial killing power. (Slay +1)
You cannot wear most types of armour.
You are amphibious.
You can wear up to eight rings at the same time.
Your skin changes colour to match your surroundings (Stealth+).
Your rubbery body absorbs attacks. (AC +1, EV +1)
((You are camouflaged when in or above water. (Stealth+)))
You have tentacles for arms and can constrict up to eight enemies at once.


Message History

The orc priest invokes the aid of Beogh against you.
Beogh smites you!
Ouch! That really hurt!
* * * LOW HITPOINT WARNING * * *
You closely miss the adder. Your grab misses the adder.
The adder barely misses you.
You miss the adder. Your grab misses the adder. You squeeze the adder.
The adder is moderately wounded.
The adder misses you. x2
You miss the adder. Your grab misses the adder.
The adder is moderately wounded.
The adder bites you.
* * * LOW HITPOINT WARNING * * *
You are poisoned.
The adder poisons you!
You bludgeon the adder! Your grab misses the adder.
Your squeeze misses the adder.
The adder is almost dead.
You feel sick. The adder bites you.
* * * LOW HITPOINT WARNING * * *
The frilled lizard hisses angrily.
You bludgeon the adder!
You kill the adder!
* * * LOW HITPOINT WARNING * * *
You feel sick.
Your Fighting skill increases to level 2!
You tentacle-slap the orc priest but do no damage.
You grab the orc priest. You tentacle-slap the orc priest.
The orc priest is moderately wounded.
You constrict the orc priest.
* * * LOW HITPOINT WARNING * * *
You feel sick. The orc priest barely misses you.
You tentacle-slap the orc priest.
The orc priest is severely wounded.
You hear the slow rusting of a very distant drain.
You constrict the orc priest.
* * * LOW HITPOINT WARNING * * *
You feel sick.
The orc priest hits you with a +0 flail.
You die...

..# #.# #.# #.# #.# #..
###.# ### ...# # ..# ###
.. #.# #.. #.# #.#
########.# o... #h#
#........# #.#S# #o#
#.######.#
......#l#######.# #.#
#.#.#..{.....##.# #.#
.....o##.##..##.######.#
........#...............
#.######.##..##.######.#
# ## #.....# .# ##.####


You could see an orc priest and a frilled lizard.

Vanquished Creatures
  An adder (D:3)
  3 ball pythons (D:1)
  3 bats
  4 endoplasms
  A giant cockroach (D:1)
  6 goblins
  8 hobgoblins
  5 frilled lizards
  7 kobolds
  5 rats
43 creatures vanquished.

Notes
Turn   | Place    | Note
-------+----------+-------------------------------------------
     0 | D:1      | timneilson the Octopode Shapeshifter began the quest for
                  | the Orb.
     0 | D:1      | Reached XP level 1. HP: 13/13 MP: 1/1
    40 | D:1      | Found Foxie's General Store.
    92 | D:1      | Reached XP level 2. HP: 18/18 MP: 2/2
   341 | D:1      | Reached XP level 3. HP: 23/23 MP: 3/3
   417 | D:1      | Reached skill level 1 in Stealth
  1293 | D:2      | Identified the ring "Lahu" {Wiz Str+3}
  1515 | D:3      | Noticed Sigmund
  1534 | D:3      | Slain by an orc priest

Illustrated notes

Levels and vault maps discovered:
D:1:      lemuel_arrival_cross, layout_loops_ring, serial_shops,
          nicolae_shop_statue_plus
D:2:      layout_loops_corners
D:3:      layout_loops_ring, serial_glass, glass_columns_a, glass_columns_b,
          glass_columns_a, glass_columns_b, glass_columns_b, glass_columns_c,
          lightli_sewer_entry_pipes, kennysheep_decorative_pillar,
          serial_bayou_crossing, uniq_sigmund

Skill      XL: |  1  2  3 |
---------------+----------+-----
Stealth        | 1 |  1.1
Fighting       | 2 |  2.0
Dodging        | |  2.5
Unarmed Combat | |  3.3
Shapeshifting  | |  3.3

Action                     || total
---------------------------++-------
  Melee: Unarmed           ||    70
         Tentacles         ||    10
         Constrict         ||    16
         Punch             ||     1
    Use: Scroll            ||     2
   Stab: Sleeping          ||     6
         Distracted        ||     1
 Armour: Skin              ||    21
  Dodge: Dodged            ||    35

Table legend: (Time is in decaauts)
 A = Elapsed time spent in this place.
 B = Non-inter-level travel time spent in this place.
 C = Inter-level travel time spent in this place.
 D = Time resting spent in this place.
 E = Time spent auto-exploring this place.
 F = Levels seen in this place.
 G = Mean time per level.
                   A        B        C        D        E       F      G
               +--------+--------+--------+--------+--------+-----+--------+
         Total |   1529 |   1436 |     93 |      0 |   1074 |   3 |  509.7 |
       Dungeon |   1529 |   1436 |     93 |      0 |   1074 |   3 |  509.7 |
               +--------+--------+--------+--------+--------+-----+--------+

Top non-repeatable levels by time:
     D:2: 817 daAuts
     D:1: 661 daAuts
     D:3: 50 daAuts
